Map: Tours du crépuscule

Players

ender

  • Race: Zerg Zerg
  • League: Silver
  • Spawn Location: 1:00

zidar - Winner!

  • Race: Zerg Zerg
  • League: Silver
  • Spawn Location: 7:00

VOD

Have the link to the VOD?

Description

Time

  • Played on: Jan. 18, 2016, 1:13 p.m.
  • Length: 8:23
Show
View Real Time Build Order
Export as new Build Order

ender Zerg 

Build Orders: Pool First 

Get SALT Encoding   

  12  0:01  Drone  
  13  0:12  Overlord  
  13  0:17  Drone  
  14  0:31  Drone x2  
  16  0:40  Drone  
  17  0:46  Spawning Pool  
  16  0:52  Extractor  
  16  0:54  Drone  
  16  1:08  Drone  
  16  1:09  Overlord  
  17  1:25  Drone  
  18  1:35  Zergling x2  
  18  1:38  Queen  
  21  1:45  Drone  
  22  2:00  Hatchery  
  21  2:04  Drone x2  
  23  2:17  Queen  
  23  2:20  Drone  
  26  2:26  Baneling Nest  
  25  2:34  Drone x2  
  27  3:00  Spine Crawler  
  27  3:02  Queen  
  27  3:14  Drone x2  
  27  3:15  Zergling x4  
  27  3:16  Zergling x2  
  27  3:19  Queen  
  34  3:38  Spine Crawler  
  33  3:41  Baneling x2  
  33  4:02  Zergling x6  
  36  4:04  Overlord x4  
  34  4:25  Metabolic Boost  
  33  5:08  Zergling x4  
  33  5:09  Zergling x4  
  33  5:13  Baneling x2  
  37  5:20  Spine Crawler  
  36  5:24  Lair  
  34  6:18  Zergling x12  
  35  6:19  Zergling x26  
  50  6:53  Zergling x2  
  50  6:54  Roach Warren, Zergling x4  
  52  7:00  Baneling x3  
  43  7:43  Roach x4  
  43  7:44  Roach x4  
  54  7:55  Baneling x3  
  52  8:01  Roach x4  
  52  8:02  Roach x3  
Show
View Real Time Build Order
Export as new Build Order

zidar Zerg - Winner!

Build Orders: Pool First 

Get SALT Encoding   

  12  0:01  Drone  
  13  0:12  Overlord  
  13  0:17  Drone  
  14  0:30  Drone x2  
  14  0:34  Drone  
  17  0:46  Spawning Pool  
  17  0:50  Drone  
  17  1:15  Hatchery  
  17  1:16  Drone  
  17  1:19  Extractor  
  17  1:21  Drone  
  17  1:31  Drone  
  17  1:32  Overlord  
  18  1:41  Spine Crawler  
  17  1:55  Queen  
  17  1:58  Zergling x2  
  19  2:19  Baneling Nest  
  18  2:25  Zergling x6  
  21  2:36  Zergling x2  
  22  2:43  Metabolic Boost  
  22  2:47  Queen  
  22  2:50  Overlord  
  24  3:16  Zergling x2  
  24  3:17  Zergling x10  
  30  3:29  Drone  
  30  3:30  Drone x2  
  33  3:57  Drone x5  
  38  4:06  Roach Warren  
  37  4:10  Extractor  
  34  4:37  Drone x9  
  41  5:03  Baneling  
  41  5:04  Baneling  
  41  5:05  Baneling  
  41  5:16  Roach  
  41  5:19  Overlord x3  
  43  5:39  Roach  
  43  5:40  Roach x8  
  54  6:05  Roach x2  
  54  6:06  Roach x5  
  68  6:20  Evolution Chamber  
  67  6:42  Overlord x2  
  67  6:43  Overlord  
  67  6:45  Lair  
  65  7:48  Roach  
  65  7:49  Roach x6  
Tags
 
Add a new tag
Caveats
  • Supply blocks, unpowered buildings, or Contaminate may cause inaccurate times.
  • Supply counts are checked every 10 seconds.